 Dungeon Crawl Stone Soup version 0.31-a0-486-g8d68a81214 (webtiles) character file.

Game seed: 5101352054381751000

181 AstroCodex24 the Chopper (level 5, -6/41 HPs)
             Began as a Vampire Fighter on Aug 7, 2023.
             Mangled by an iguana (12 damage)
             ... on level 5 of the Dungeon.
             The game lasted 00:03:08 (790 turns).

AstroCodex24 the Chopper (Vampire Fighter)           Turns: 790, Time: 00:03:09

Health: -6/41      AC:  6    Str: 17    XL:     5   Next: 34%
Magic:  5/5        EV:  9    Int: 11    God:
Gold:   72         SH:  4    Dex: 13    Spells: 4/4 levels left

rFire   . . .        a - +0 war axe
rCold   . . .        c - +0 buckler
rNeg    . . .        b - +0 scale mail
rPois   .            (no helmet)
rElec   .            (no cloak)
rCorr   .            (no gloves)
SInv    +            (no boots)
Will    .....        (no amulet) Stlth
                     (no ring)
HPRegen 0.46/turn    (no ring)
MPRegen 0.09/turn

%: no passive effects
@: healing quickly
A: alive, fangs 3, see invisible, vampiric 2
a: Exsanguinate


You were on level 5 of the Dungeon.
You visited 1 branch of the dungeon, and saw 5 of its levels.

You collected 72 gold pieces.

Inventory:

Hand Weapons
 a - a +0 war axe (weapon)
Armour
 b - a +0 scale mail (worn)
 c - a +0 buckler (worn)
Scrolls
 e - a scroll of amnesia {unknown}
 f - a scroll of noise {unknown}
 i - 2 scrolls of brand weapon {unknown}
 k - a scroll of identify {unknown}
Potions
 d - a potion of might
 g - 2 potions of heal wounds {unknown}
 h - 2 potions of degeneration {unknown}
 j - a potion of cancellation {unknown}
 l - a potion of haste {unknown}


   Skills:
 + Level 3.2 Fighting
 + Level 3.7 Axes
 + Level 3.1 Armour
 + Level 0.9 Dodging
 + Level 0.1 Stealth
 + Level 3.1 Shields


You had 4 spell levels left.
You didn't know any spells.
Your spell library contained the following spells:

 Spells                   Type           Power      Damage    Failure   Level
 Slow                     Hex            0%         N/A       83%         1
 Cigotuvi's Dreadful Rot  Necr/Pois/Air  0%         N/A       92%         2
 Confusing Touch          Hex            0%         N/A       99%         3
 Ignite Poison            Fire/Tmut/Pois 0%         N/A       99%         3
 Vampiric Draining        Necr           0%         2d6       99%         3
 Freezing Cloud           Conj/Ice/Air   0%         6-21      100%        5


Dungeon Overview and Level Annotations

Branches:
Dungeon (5/15)
 Temple: D:4-7

Altars:

Shops:
D:5 :


Innate Abilities, Weirdness & Mutations

Your natural rate of healing is accelerated.
You have razor-sharp teeth.
You have supernaturally acute eyesight. (SInv)
You are afflicted with vampirism and can become a bat while bloodless.


Message History

The black bear goes berserk!
You slash the black bear!
You kill the black bear!
Your Armour skill increases to level 3!
You have reached level 5!
You feel clever.
You now have 72 gold pieces (gained 18).
You open the door.
An iguana comes into view.
The iguana hisses angrily.
There is an open door here.
The iguana bites you but does no damage.
You hit the iguana.
The iguana is lightly wounded.
You block the iguana's attack. The iguana bites you!
You barely miss the iguana. Your bite misses the iguana.
The iguana is lightly wounded.
The iguana bites you.
You hit the iguana but do no damage.
The iguana is lightly wounded.
The iguana bites you. x2
You hit the iguana but do no damage.
The iguana is lightly wounded.
The iguana bites you.
You hit the iguana. You bite the iguana, but do no damage.
The iguana is moderately wounded.
The iguana bites you!
* * * LOW HITPOINT WARNING * * *
You hit the iguana. You bite the iguana, but do no damage.
The iguana is heavily wounded.
The iguana bites you.
* * * LOW HITPOINT WARNING * * *
The iguana closely misses you.
You hit the iguana but do no damage.
The iguana is heavily wounded.
You block the iguana's attack.
You hit the iguana. You bite the iguana, but do no damage.
The iguana is almost dead.
The iguana bites you!
You die...

......########.....#
....### #.....#
....#### #######
.##....## . ####..#
##.##################
#<...........†......
###..###'###+###+###
#..#..#.@l....#
#..#..#.......#
...+..+###+###+
##..#.. #..#.. #..+##


You could see an iguana.

Vanquished Creatures
  A black bear (D:5)
  A hound (D:5)
  Robin (D:4)
  2 adders
  2 dart slugs (D:1)
  An endoplasm (D:4)
  A giant cockroach (D:3)
  7 goblins
  6 hobgoblins
  3 jackals (D:1)
  2 quokkas
  A bat (D:1)
  2 kobolds (D:1)
30 creatures vanquished.

Notes
Turn   | Place    | Note
-------+----------+-------------------------------------------
     0 | D:1      | AstroCodex24 the Vampire Fighter began the quest for the
                  | Orb.
     0 | D:1      | Reached XP level 1. HP: 17/17 MP: 1/1
    55 | D:1      | Reached XP level 2. HP: 23/23 MP: 2/2
   494 | D:3      | Gained mutation: You are afflicted with vampirism and can
                  | become a bat while bloodless. [Vampire growth]
   494 | D:3      | Reached XP level 3. HP: 28/28 MP: 3/3
   542 | D:4      | Noticed Robin
   578 | D:4      | Killed Robin
   649 | D:5      | Entered Level 5 of the Dungeon
   649 | D:5      | Found Feor's Book Boutique.
   664 | D:5      | Reached XP level 4. HP: 33/35 MP: 4/4
   765 | D:5      | Noticed a black bear
   773 | D:5      | Killed a black bear
   774 | D:5      | Reached XP level 5. HP: 37/41 MP: 5/5
   790 | D:5      | Mangled by an iguana

Illustrated notes

Levels and vault maps discovered:
D:1:      orjb1_lava_funnel, layout_basic, serial_shops,
          nicolae_shop_behind_doors, shop, shop, basic_ecumenical_altar,
          serial_bayou_pond_d, grunt_decor_cap, minmay_heptomino_w4
D:2:      layout_basic
D:3:      layout_basic, lemuel_coloured_pillars_altar,
          kennysheep_decorative_pillar
D:4:      layout_basic, nicolae_overflow_hidden_temple,
          sigmund_edmund_badplayer, uniq_robin
D:5:      layout_rooms, mainiacjoe_overflow_24_doors, serial_shops, shop

Skill      XL: |  1  2  3  4 |
---------------+-------------+-----
Axes           | 2 3 |  3.7
Fighting       | 3 |  3.2
Shields        | 3 |  3.1
Armour         | 3 |  3.1
Dodging        | |  0.9
Stealth        | |  0.1

Action                     |  1- 3 |  4- 6 || total
---------------------------+-------+-------++-------
  Melee: War axe           |    92 |    13 ||   105
         Bite              |     8 |     3 ||    11
 Armour: Scale mail        |    64 |     7 ||    71
  Dodge: Dodged            |    51 |     7 ||    58
  Block: Buckler           |    29 |     5 ||    34

Table legend: (Time is in decaauts)
 A = Elapsed time spent in this place.
 B = Non-inter-level travel time spent in this place.
 C = Inter-level travel time spent in this place.
 D = Time resting spent in this place.
 E = Time spent auto-exploring this place.
 F = Levels seen in this place.
 G = Mean time per level.
                   A        B        C        D        E       F      G
               +--------+--------+--------+--------+--------+-----+--------+
         Total |    833 |    804 |     29 |      0 |      0 |   5 |  166.6 |
       Dungeon |    833 |    804 |     29 |      0 |      0 |   5 |  166.6 |
               +--------+--------+--------+--------+--------+-----+--------+

Top non-repeatable levels by time:
     D:3: 207 daAuts
     D:1: 183 daAuts
     D:5: 148 daAuts
     D:4: 148 daAuts
     D:2: 146 daAuts
